 Dungeon Crawl Stone Soup version 0.29.0-4-gdea44cf6ec (webtiles) character file.

Game seed: 17060926953645470539

195 qw the Ruffian (level 5, -1/41 HPs)
             Began as a Ghoul Fire Elementalist on Aug 29, 2022.
             Slain by an orc wizard
             ... wielding a +0 dagger
              (2 damage)
             ... on level 3 of the Dungeon.
             The game lasted 00:02:19 (2464 turns).

qw the Ruffian (Ghoul Fire Elementalist)            Turns: 2464, Time: 00:02:19

Health: -1/41      AC:  9    Str: 14    XL:     5   Next: 74%
Magic:  6/6        EV:  9    Int: 10    God:
Gold:   197        SH:  0    Dex:  9    Spells: 6/7 levels left

rFire   . . .      SeeInvis .     - Unarmed
rCold   + . .      Faith    .   (no shield)
rNeg    + + +      Spirit   .   f - +0 scale mail
rPois   inf        Reflect  .   a - +0 helmet
rElec   .          Harm     .   k - +0 cloak
rCorr   .          Rampage  .   e - +0 pair of gloves
Will    .....                   (no boots)
Stlth   ..........              (no amulet)
HPRegen 0.00/turn               (no ring)
MPRegen 0.10/turn               (no ring)

@: inhibited regen
A: claws 1, cold resistance 1, negative energy resistance 3, inhibited
regeneration, torment resistance 2, devour on kill
a: no special abilities


You were on level 3 of the Dungeon.
You visited 1 branch of the dungeon, and saw 3 of its levels.

You collected 197 gold pieces.


Innate Abilities, Weirdness & Mutations

You are immune to poison.
You have sharp fingernails.
Your flesh is cold resistant. (rC+)
You are immune to negative energy. (rN+++)
You do not regenerate when monsters are visible.
You are immune to unholy pain and torment.
You thrive by killing the living.


   Skills:
 - Level 2.0 Fighting
 - Level 1.5 Armour
 - Level 1.7 Dodging
 - Level 2.1 Stealth
 + Level 4.8 Unarmed Combat
 - Level 1.7 Spellcasting
 - Level 0.7 Conjurations
 - Level 2.4 Fire Magic


You had 6 spell levels left.
You knew the following spells:

 Your Spells              Type           Power      Damage    Failure   Level
a - Foxfire               Conj/Fire      16%        2x1d4     58%         1

Your spell library contained the following spells:

 Spells                   Type           Power      Damage    Failure   Level
 Scorch                   Fire           10%        2d5       61%         2
 Conjure Flame            Conj/Fire      4%         6-21      91%         3
 Inner Flame              Hex/Fire       3%         N/A       95%         3
 Flame Wave               Conj/Fire      4%         2d5       100%        4

Inventory:

Missiles
 i - 2 boomerangs (quivered)
Armour
 a - a +0 helmet (worn)
 e - a +0 pair of gloves (worn)
 f - a +0 scale mail (worn)
 k - a +0 cloak (worn)
Jewellery
 o - an amulet of regeneration
Scrolls
 g - a scroll of teleportation
 j - a scroll of magic mapping {unknown}
 l - a scroll of enchant weapon {unknown}
 m - a scroll of enchant armour {unknown}
 n - 3 scrolls of identify
Potions
 b - a potion of might {unknown}
 c - 2 potions of mutation {unknown}
 d - a potion of heal wounds {unknown}
 h - 2 potions of curing {unknown}

Dungeon Overview and Level Annotations

Branches:
Dungeon (3/15)

Altars:


Message History

The orc priest invokes the aid of Beogh against you.
Beogh smites you!
You closely miss the orc priest.
The orc priest is moderately wounded.
The orc priest hits you but does no damage.
You hit the orc priest.
The orc priest is severely wounded.
You punch the orc priest!
You kill the orc priest!
You feel better.
You hear some strange, mumbled words.
You miss something.
You hear some strange, mumbled words.
A magic dart appears from out of thin air!
The magic dart hits you!
You barely miss something. Something hits you but does no damage.
You hit something. Something hits you but does no damage.
You hear some strange, mumbled words.
A puff of flame appears from out of thin air!
The puff of flame hits something!
You closely miss something. Something hits you but does no damage.
You barely miss something. Your punch misses something.
Something hits you but does no damage.
You hear some strange, mumbled words.
A puff of flame appears from out of thin air!
The puff of flame misses you.
You miss something. Something hits you but does no damage.
You closely miss something. Something hits you.
You closely miss something.
You hear some strange, mumbled words.
A puff of flame appears from out of thin air!
The puff of flame hits you.
You miss something. Something hits you.
You die...

#....# #####..... #....# #.
#.....>... #....# #.# #.###.....
#.##.# #..# #.########
#.##.####... #.##.....#
##.##....# ... #.##......
...##########'# #####.##.....#
########.......#####...#.##.....#
..............{{@......#.##..)..#
.###### #8.8########.............
..## # ##....#........# #..##
##.....#.#......# ....##
##..#...#......... .##..##
##..##.#.#.##.#.### # ##..##
##..#...#......#.... ##..##
##.....###.......#### ##..##
##..#.....#.......+...


There were no monsters in sight!

Vanquished Creatures
  A hound (D:3)
  An orc priest (D:3)
  Robin (D:2)
  7 adders
  2 dart slugs
  2 orcs (D:3)
  3 bats
  An endoplasm (D:3)
  4 giant cockroaches (D:2)
  6 hobgoblins
  2 quokkas (D:2)
  4 ball pythons (D:1)
  2 frilled lizards
  14 goblins
  5 kobolds
  7 rats
62 creatures vanquished.

Vanquished Creatures (others)
  A plant (D:1)
1 creature vanquished.

Grand Total: 63 creatures vanquished

Notes
Turn   | Place    | Note
-------+----------+-------------------------------------------
     0 | D:1      | qw the Ghoul Fire Elementalist began the quest for the Orb.
     0 | D:1      | Reached XP level 1. HP: 14/14 MP: 2/2
     0 | D:1      | 0 ||| qw: Version: 0.1-a-90-g952f4b7
     0 | D:1      | 0 ||| qw: Game counter: 3759
     0 | D:1      | 0 ||| qw: Always use a shield: true
     0 | D:1      | 0 ||| qw: God list: Okawaru
     0 | D:1      | 0 ||| qw: Allow faded altars: false
     0 | D:1      | 0 ||| qw: Do Orc after D:15 true
     0 | D:1      | 0 ||| qw: Do second Lair branch before Depths: true
     0 | D:1      | 0 ||| qw: Lair rune preference: random
     0 | D:1      | 0 ||| qw: Plans: Normal
     0 | D:1      | 0 ||| PLANNING D:1-11
   253 | D:1      | Reached skill level 1 in Unarmed Combat
   374 | D:1      | 374 ||| Stepping ~*~*~tactically~*~*~ (outnumbered).
   383 | D:1      | Found a faded altar of an unknown god.
   437 | D:1      | 437 ||| Stepping ~*~*~tactically~*~*~ (stealth).
   438 | D:1      | 438 ||| Stepping ~*~*~tactically~*~*~ (stealth).
   441 | D:1      | Reached skill level 1 in Fighting
   441 | D:1      | Reached XP level 2. HP: 23/23 MP: 3/3
   454 | D:1      | 454 ||| Stepping ~*~*~tactically~*~*~ (stealth).
   458 | D:1      | 458 ||| Stepping ~*~*~tactically~*~*~ (stealth).
   469 | D:1      | 469 ||| Stepping ~*~*~tactically~*~*~ (stealth).
   873 | D:1      | 873 ||| UPGRADING to +0 leather armour.
   883 | D:1      | 883 ||| DROPPING +0 robe.
   884 | D:1      | 884 ||| UPGRADING to +0 scale mail.
   894 | D:1      | 894 ||| DROPPING +0 leather armour.
   895 | D:1      | 895 ||| UPGRADING to +0 cloak.
   900 | D:1      | 900 ||| READING 2 scrolls labelled ADIPUKHECHE.
   903 | D:1      | 903 ||| READING scroll labelled NOMPUTT HOIRR.
   904 | D:1      | 904 ||| READING scroll labelled ROUDDU LEU.
   905 | D:1      | 905 ||| READING scroll labelled ZEP NUFOMOUFYE.
   906 | D:1      | 906 ||| DROPPING potion of magic.
  1071 | D:2      | 1071 ||| Stepping ~*~*~tactically~*~*~ (stealth).
  1073 | D:2      | Noticed Robin
  1074 | D:2      | 1074 ||| Stepping ~*~*~tactically~*~*~ (hiding).
  1075 | D:2      | 1075 ||| Stepping ~*~*~tactically~*~*~ (stealth).
  1077 | D:2      | 1077 ||| Stepping ~*~*~tactically~*~*~ (outnumbered).
  1078 | D:2      | 1078 ||| Stepping ~*~*~tactically~*~*~ (hiding).
  1079 | D:2      | 1079 ||| Stepping ~*~*~tactically~*~*~ (hiding).
  1080 | D:2      | 1080 ||| Stepping ~*~*~tactically~*~*~ (outnumbered).
  1081 | D:2      | 1081 ||| Stepping ~*~*~tactically~*~*~ (outnumbered).
  1082 | D:2      | 1082 ||| Stepping ~*~*~tactically~*~*~ (outnumbered).
  1083 | D:2      | 1083 ||| Stepping ~*~*~tactically~*~*~ (hiding).
  1085 | D:2      | 1085 ||| Stepping ~*~*~tactically~*~*~ (outnumbered).
  1087 | D:2      | 1087 ||| Stepping ~*~*~tactically~*~*~ (outnumbered).
  1088 | D:2      | 1088 ||| Stepping ~*~*~tactically~*~*~ (outnumbered).
  1089 | D:2      | 1089 ||| Stepping ~*~*~tactically~*~*~ (outnumbered).
  1091 | D:2      | Reached skill level 2 in Unarmed Combat
  1091 | D:2      | 1091 ||| Stepping ~*~*~tactically~*~*~ (outnumbered).
  1093 | D:2      | 1093 ||| Stepping ~*~*~tactically~*~*~ (outnumbered).
  1112 | D:2      | Killed Robin
  1113 | D:2      | Reached XP level 3. HP: 22/28 MP: 4/4
  1124 | D:2      | Reached skill level 3 in Unarmed Combat
  1205 | D:2      | 1205 ||| Stepping ~*~*~tactically~*~*~ (stealth).
  1349 | D:2      | Reached XP level 4. HP: 33/35 MP: 5/5
  1471 | D:2      | Reached skill level 4 in Unarmed Combat
  1810 | D:2      | 1810 ||| UPGRADING to +0 helmet.
  1815 | D:2      | 1815 ||| UPGRADING to +0 pair of gloves.
  1918 | D:3      | 1918 ||| Stepping ~*~*~tactically~*~*~ (hiding).
  2144 | D:3      | Reached skill level 1 in Armour
  2144 | D:3      | Reached XP level 5. HP: 41/41 MP: 6/6
  2423 | D:3      | 2423 ||| Stepping ~*~*~tactically~*~*~ (stealth).
  2425 | D:3      | 2425 ||| Stepping ~*~*~tactically~*~*~ (hiding).
  2434 | D:3      | 2434 ||| Stepping ~*~*~tactically~*~*~ (outnumbered).
  2456 | D:3      | HP: 8/41 [something/magic dart (11)]
  2462 | D:3      | HP: 7/41 [something (1)]
  2463 | D:3      | HP: 1/41 [something/puff of flame (6)]
  2464 | D:3      | Slain by an orc wizard

Levels and vault maps discovered:
D:1:      minmay_arrival_doors, layout_loops_cross,
          shapermc_ecumenical_altar_mp_urbaneastern, serial_bayou_crossing
D:2:      layout_basic, uniq_robin
D:3:      layout_basic, dreamdust_divine_triumvirate, serial_park_tiny_pond,
          kennysheep_generic_room_10

Skill      XL: |  1  2  3  4 |
---------------+-------------+-----
Unarmed Combat | 1 2 3 4 |  4.8
Fighting       | 1 2 |  2.0
Armour         | 1 |  1.5
Dodging        | |  1.7
Stealth        | |  2.1
Spellcasting   | |  1.7
Conjurations   | |  0.7
Fire Magic     | |  2.4

Action                   |  1- 3 |  4- 6 || total
-------------------------+-------+-------++-------
Melee: Unarmed           |   118 |   111 ||   229
       Punch             |     2 |     2 ||     4
Throw: Boomerang         |       |    16 ||    16
  Use: Scroll            |     4 |       ||     4
Armor: Robe              |     4 |       ||     4
       Scale mail        |    49 |    48 ||    97
Dodge: Dodged            |    44 |    40 ||    84

Table legend:
 A = Non-vault XP
 B = Vault XP
 C = Vault XP percentage of total XP
 D = Non-vault monster count
 E = Vault monster count
 F = Vault count percentage of total count
                 A         B        C        D         E       F
            +---------+---------+-------+---------+---------+-------
      Total |     229 |      50 |  17.9 |      48 |      14 |  22.6
            +---------+---------+-------+---------+---------+-------
        D:1 |      15 |       0 |   0.0 |      13 |       0 |   0.0
        D:2 |      97 |      37 |  27.6 |      22 |      13 |  37.1
        D:3 |     117 |      13 |  10.0 |      13 |       1 |   7.1
            +---------+---------+-------+---------+---------+-------
